 Dungeon Crawl Stone Soup version 0.31.0-11-ge490571c62 (webtiles) character file.

Game seed: 18334604804512508691

83 qw the Shooter (level 4, 0/25 HPs)
             Began as a Deep Elf Hunter on Feb 3, 2024.
             Succumbed to their own poison gas
             ... on level 2 of the Dungeon.
             The game lasted 00:00:05 (843 turns).

qw the Shooter (Deep Elf Hunter)                     Turns: 843, Time: 00:00:06

Health: 0/25       AC:  5    Str: 10    XL:     4   Next: 22%
Magic:  6/6        EV: 11    Int: 14    God:
Gold:   175        SH:  0    Dex: 18    Spells: 3/3 levels left

rFire   . . .        a - +1 shortbow
rCold   + . .        (shield currently unavailable)
rNeg    . . .        e - +0 ring mail
rPois   .            (no helmet)
rElec   .            (no cloak)
rCorr   .            (no gloves)
SInv    .            (no boots)
Will    .....        (no amulet)
Stlth   +            g - ring of protection from cold
HPRegen 0.24/turn    (no ring)
MPRegen 0.10/turn

%: no passive effects
@: lethally poisoned (0 -> -1), attractive
A: no striking features
a: no special abilities


You were on level 2 of the Dungeon.
You visited 1 branch of the dungeon, and saw 2 of its levels.

You collected 175 gold pieces.


   Skills:
 - Level 1.5 Fighting
 + Level 7.6 Ranged Weapons
 - Level 2.4 Dodging
 - Level 1.2 Stealth


You had 3 spell levels left.
You didn't know any spells.
Your spell library was empty.

Inventory:

Hand Weapons
 a - a +1 shortbow (weapon)
Armour
 e - a +0 ring mail (worn)
Jewellery
 g - a ring of protection from cold (left hand)
Potions
 j - a potion of curing {unknown}

Dungeon Overview and Level Annotations

Branches:
Dungeon (2/15)

Altars:
Xom

Shops:
D:2 =


Message History

832 ||| DROPPING scroll of poison.
You drop a scroll of poison.
Done exploring.
What level of the Dungeon? (default 2, ? - help) Sorry, I don't know how to get there.
Enter note:
Enter note:
Enter note:
Enter note:
Enter note:
Enter note:
Enter note:
Enter note:
Enter note:
Enter note:
Enter note:
Enter note: You are engulfed in poison gas.
You are poisoned.
You feel very sick.
834 ||| Stepping ~*~*~tactically~*~*~ (cloud).
You feel very sick.
Things that are here:
a scroll of poison; a potion of magic; a potion of attraction
There is a lethal amount of poison in your body!
You feel very sick.
There is a lethal amount of poison in your body!
You feel very sick.
There is a lethal amount of poison in your body!
You feel sick.
There is a lethal amount of poison in your body!
You feel sick.
There is a lethal amount of poison in your body!
You feel sick.
There is a lethal amount of poison in your body!
You feel sick.
There is a lethal amount of poison in your body!
You feel sick.
There is a lethal amount of poison in your body!
You feel sick.
There is a lethal amount of poison in your body!
You die...

.........###.......##
)..........0000..000#
).......###.00....0.#
%.......# #.000...0.#
........# #.0...0...#
........###.00......#
.........##00...0.0.#
.........##000000...#
.##......#00...0@..0#
.........0..00....0.#
.........0.0........#
.........[##0.....0##
..........###0.0..##
..........# #######
.........##
#...#....# ######...#


There were no monsters in sight!

Vanquished Creatures
  3 adders (D:2)
  4 dart slugs
  An orc (D:2)
  2 ball pythons
  5 endoplasms
  2 giant cockroaches (D:1)
  5 goblins
  A hobgoblin (D:1)
  3 jackals (D:1)
  3 kobolds
  5 quokkas (D:1)
  2 bats (D:1)
  A frilled lizard (D:1)
  7 rats
44 creatures vanquished.

Notes
Turn   | Place    | Note
-------+----------+-------------------------------------------
     0 | D:1      | qw the Deep Elf Hunter began the quest for the Orb.
     0 | D:1      | Reached XP level 1. HP: 12/12 MP: 3/3
     0 | D:1      | 0 ||| qw: Version: 0.3-a-157-g843a77d
     0 | D:1      | 0 ||| qw: Game counter: 3585
     0 | D:1      | 0 ||| qw: Melee chars always use a shield: true
     0 | D:1      | 0 ||| qw: God list: Okawaru
     0 | D:1      | 0 ||| qw: Allow faded altars: false
     0 | D:1      | 0 ||| qw: Do Orc after clearing Dungeon:15 true
     0 | D:1      | 0 ||| qw: Do second Lair branch before Depths: true
     0 | D:1      | 0 ||| qw: Lair rune preference: random
     0 | D:1      | 0 ||| qw: Goals: Normal
     0 | D:1      | 0 ||| PLANNING D:1-11
    91 | D:1      | Reached skill level 6 in Ranged Weapons
    91 | D:1      | Reached XP level 2. HP: 16/16 MP: 4/4
   227 | D:1      | Found a faded altar of an unknown god.
   300 | D:1      | Reached XP level 3. HP: 20/20 MP: 5/5
   415 | D:1      | 415 ||| UPGRADING to +0 ring mail.
   425 | D:1      | 425 ||| DROPPING +0 leather armour.
   426 | D:1      | 426 ||| READING scroll labelled ALAEZ VYFI.
   426 | D:1      | 426 ||| ENCHANTING +0 shortbow.
   427 | D:1      | 427 ||| READING scroll labelled ZAAMPIOREM.
   428 | D:1      | 428 ||| READING scroll labelled PIHUSO CEFAG.
   428 | D:1      | 428 ||| IDENTIFYING fizzy dark potion
   429 | D:1      | 429 ||| DROPPING scroll of butterflies.
   430 | D:1      | 430 ||| DROPPING potion of berserk rage.
   466 | D:2      | 466 ||| STAIRDANCE
   472 | D:2      | 472 ||| STAIRDANCE
   510 | D:2      | Found a shimmering altar of Xom.
   532 | D:2      | Reached skill level 7 in Ranged Weapons
   539 | D:2      | Found Waptuosch's Jewellery Boutique.
   551 | D:2      | 551 ||| SHOPLISTING +4 ring of protection (432 gold, have
                  | 76).
   551 | D:2      | 551 ||| SHOPLISTING +6 ring of strength (432 gold, have
                  | 76).
   551 | D:2      | 551 ||| SHOPLISTING amulet of regeneration (360 gold, have
                  | 76).
   551 | D:2      | 551 ||| SHOPLISTING ring of Erphoudgh {Ice Dex+3} (459
                  | gold, have 76).
   551 | D:2      | 551 ||| SHOPLISTING ring of poison resistance (240 gold,
                  | have 76).
   575 | D:2      | Reached XP level 4. HP: 25/25 MP: 6/6
   822 | D:2      | 822 ||| UPGRADING to ring of protection from cold.
   823 | D:2      | 823 ||| READING scroll of identify.
   823 | D:2      | 823 ||| IDENTIFYING fizzy pink potion
   824 | D:2      | 824 ||| READING scroll labelled DYREOK HIWKATS.
   825 | D:2      | 825 ||| READING scroll labelled MOCORO WUNK.
   828 | D:2      | 828 ||| READING 2 scrolls labelled LINATUOWKY.
   829 | D:2      | 829 ||| DRINKING 2 lumpy green potions.
   830 | D:2      | 830 ||| DROPPING potion of attraction.
   831 | D:2      | 831 ||| DROPPING potion of magic.
   832 | D:2      | 832 ||| DROPPING scroll of poison.
   834 | D:2      | 834 ||| Stepping ~*~*~tactically~*~*~ (cloud).
   837 | D:2      | HP: 5/25 [poisoned by you (poison gas)]
   841 | D:2      | HP: 2/25 [poisoned by you (poison gas)]
   843 | D:2      | Succumbed to their own poison gas

Levels and vault maps discovered:
D:1:      scummos_arrival_checkerplants, layout_rooms,
          ebering_ecumenical_altar_mist
D:2:      layout_rooms, basic_altar, serial_shops, shop

Skill      XL: |  1  2  3 |
---------------+----------+-----
Ranged Weapons | 6 7 |  7.6
Fighting       | |  1.5
Dodging        | |  2.4
Stealth        | |  1.2

Action                     |  1- 3 |  4- 6 || total
---------------------------+-------+-------++-------
   Fire: Shortbow          |    95 |    15 ||   110
    Use: Scroll            |     3 |     4 ||     7
         Potion            |       |     1 ||     1
 Armour: Leather armour    |     7 |       ||     7
         Ring mail         |     9 |     4 ||    13
  Dodge: Dodged            |    19 |    11 ||    30

Table legend:
 A = Non-vault XP
 B = Vault XP
 C = Vault XP percentage of total XP
 D = Non-vault monster count
 E = Vault monster count
 F = Vault count percentage of total count
                 A         B        C        D         E       F
            +---------+---------+-------+---------+---------+-------
      Total |     119 |       0 |   0.0 |      44 |       0 |   0.0
            +---------+---------+-------+---------+---------+-------
        D:1 |      56 |       0 |   0.0 |      28 |       0 |   0.0
        D:2 |      63 |       0 |   0.0 |      16 |       0 |   0.0
            +---------+---------+-------+---------+---------+-------
